 Dungeon Crawl Stone Soup version 0.25-b1-46-gb8a1ec05df (webtiles) character file.

Game seed: 13417181029548226925

92641 nikku the Slayer (level 15, -3/158 HPs)
             Began as a Minotaur Berserker on June 11, 2020.
             Was a High Priest of Trog.
             Slain by an orc warlord
             ... wielding a +0 bardiche
              (32 damage)
             ... on level 1 of the Orcish Mines.
             The game lasted 01:01:25 (21904 turns).

nikku the Slayer (Minotaur Berserker)              Turns: 21904, Time: 01:01:26

Health: -3/158     AC: 26    Str: 27    XL:     15   Next: 58%
Magic:  14/14      EV:  9    Int:  4    God:    Trog [*****.]
Gold:   1360       SH:  0    Dex: 11    Spells: 14/14 levels left

rFire    + . .     SeeInvis .   O - +4 executioner's axe (flame)
rCold    . . .     Gourm    .   (shield currently unavailable)
rNeg     . . .     Faith    .   r - +0 plate armour
rPois    +         Spirit   .   B - +2 hat
rElec    .         Reflect  .   u - +2 cloak {rPois}
rCorr    +         Harm     .   (no gloves)
MR       +....                  y - +2 pair of boots "Tymost" {+Fly rCorr}
Stlth    ..........             (no amulet)
HPRegen  0.36/turn              s - +4 ring of slaying
MPRegen  0.14/turn              v - ring of protection from fire

@: berserk cooldown, slowed, very slow
A: retaliatory headbutt, horns 2
a: Berserk, Trog's Hand, Brothers in Arms, Renounce Religion, Evoke Flight


You were on level 1 of the Orcish Mines.
You worshipped Trog.
Trog was extremely pleased with you.
You were not hungry.

You visited 3 branches of the dungeon, and saw 20 of its levels.
You also visited: Ice Cave.

You collected 1360 gold pieces.

Inventory:

Hand Weapons
 K - a +7 antimagic war axe
 O - a +4 executioner's axe of flaming (weapon)
Missiles
 q - 49 poisoned darts (quivered)
 z - 20 javelins
 N - 5 curare-tipped darts
Armour
 r - a +0 plate armour (worn)
 u - a +2 cloak of poison resistance (worn)
 w - a scarf of invisibility
 y - the +2 pair of boots "Tymost" (worn) {+Fly rCorr}
   (You acquired it on level 9 of the Dungeon)

   It lets you fly.
   It provides partial protection from all sources of acid and corrosion.
 B - a +2 hat (worn)
Jewellery
 l - an uncursed ring of protection from cold
 s - a +4 ring of slaying (left hand)
 v - a ring of protection from fire (right hand)
Wands
 a - a wand of flame (38)
 b - a wand of acid (10)
 d - a wand of digging (10)
 p - a wand of iceblast (54)
 x - a wand of disintegration (11)
 H - a wand of paralysis (8)
Scrolls
 e - 2 scrolls of magic mapping
 f - 10 scrolls of teleportation
 m - 8 scrolls of blinking
 n - 10 scrolls of remove curse
 D - 2 scrolls of enchant weapon
 G - 8 scrolls of identify
 L - 2 scrolls of enchant armour
Potions
 g - 7 potions of curing
 i - 4 potions of heal wounds
 j - 3 potions of cancellation
 t - 5 potions of haste
 A - 2 potions of mutation
 E - a potion of might
Miscellaneous
 F - a lightning rod (4/4)
Comestibles
 c - 39 rations


   Skills:
 * Level 21.4 Fighting
 + Level 17.1 Axes
 + Level 16.0 Armour
 - Level 2.1 Dodging


You had 14 spell levels left.
You didn't know any spells.
Your spell library was empty.

Dungeon Overview and Level Annotations

Branches:
Dungeon (13/15)            Temple (0/1) D:4            Lair (6/6) D:10
 Shoals (0/4) Lair:3        Snake (0/4) Lair:4        Slime (0/5) Lair:6
    Orc (1/2) D:10         Vaults (0/5) D:13          IceCv (visited)

Altars:
Ashenzari
Elyvilon
Fedhas
Hepliaklqana
Okawaru
Ru
Sif Muna
Trog
Uskayaw
Wu Jian
Xom
Yredelemnul
Zin

Shops:
D:10 (

Portals:
Trove: D:10 (show slimy rune of Zot)

Annotations:
Lair:5 2 transporters


Innate Abilities, Weirdness & Mutations

You reflexively headbutt those who attack you in melee.
You have a pair of horns on your head.


Message History

You slice the orc wizard!! You burn the orc wizard!
You kill the orc wizard!
Trog accepts your kill.
Trog appreciates your killing of a magic user.
The orc warlord hits you with a +0 bardiche!!
* * * LOW HITPOINT WARNING * * *
Items here: $ ))))) [[[[[ You slice the orc warlord!!
You burn the orc warlord.
The orc warlord is moderately wounded.
You are no longer berserk.
You are exhausted.
You feel yourself slow down.
You feel much better.
Your skin stops crawling.
You feel less resistant to hostile enchantments.
The orc warlord hits you with a +0 bardiche!!
* * * LOW HITPOINT WARNING * * *
You feel much better.
The orc warlord hits you with a +0 bardiche!!
You die...

...###..
....... ......
##....#
##.....#
#......###
##..o.....#
#..)@)#
#..)[)#
..#...)##
#....)<#
##...)))......
#.#.......##$
###.#......#
####....##
##.##


You could see an orc warlord (strong).

Vanquished Creatures
  Rupert (Lair:6)
  Kirke (Lair:4)
  Gastronok (D:10)
  A yaktaur captain (D:13)
  An ice dragon (D:11)
  3 catoblepae (Lair:6)
  10 hydras
  A centaur warrior (D:12)
  2 two-headed ogres
  21 death yaks
  Urug (Lair:2)
  Nergalle (Lair:2)
  Sonja (D:12)
  2 unseen horrors
  A necromancer (IceCv)
  3 orc knights
  2 ugly things
  A deep elf mage (D:12)
  3 cyclopes
  2 manticores (Lair:6)
  Maurice (D:7)
  A centaur zombie (D:12)
  8 elephants
  3 merfolk sirens (Lair:3)
  An ice statue (IceCv)
  5 black mambas
  13 spiny frogs
  2 yaktaurs (D:13)
  9 freezing wraiths (IceCv)
  10 komodo dragons
  2 rime drakes
  A queen bee (D:9)
  A merfolk (Lair:3)
  4 polar bears
  3 trolls
  A wolf spider simulacrum (IceCv)
  2 hornets
  9 hippogriffs
  12 blink frogs
  2 shadows
  3 wraiths
  A vampire (D:11)
  66 yaks
  4 wyverns
  9 hogs
  2 hungry ghosts
  3 basilisks
  The ghost of kathalu the Slasher, an amateur HuBe of Trog (D:4)
  A human (D:7)
  4 wargs
  3 acid dragons
  3 porcupines
  11 ice beasts
  15 water moccasins
  7 sky beasts
  12 orc warriors
  2 black bears
  A necrophage (D:9)
  17 ogres
  2 phantoms
  14 wolves
  14 centaurs
  31 crocodiles
  5 big kobolds
  2 wyvern zombies
  16 bullfrogs
  A wyvern skeleton (D:13)
  2 scorpions
  A water moccasin skeleton (D:7)
  A swamp dragon simulacrum (IceCv)
  44 killer bees
  34 wights
  3 howler monkeys (D:10)
  5 electric eels
  4 bullfrog zombies
  3 crimson imps
  A quasit (D:9)
  2 draconian simulacra (IceCv)
  7 hounds
  8 orc priests
  5 jellies
  4 bullfrog skeletons
  A centaur skeleton (D:8)
  4 iguanas (D:12)
  13 orc wizards
  5 worker ants
  A polar bear simulacrum (IceCv)
  3 troll simulacra (IceCv)
  8 hell rats (Lair:1)
  2 spriggan simulacra (IceCv)
  A wolf simulacrum (IceCv)
  2 centaur simulacra (IceCv)
  A hound zombie (D:8)
  2 hound skeletons
  A howler monkey zombie (D:7)
  3 gnolls (D:4)
  22 adders
  7 naga simulacra (IceCv)
  An ogre simulacrum (IceCv)
  14 river rats (Lair:1)
  2 shadow imps (D:5)
  9 white imps (IceCv)
  An adder skeleton (D:4)
  A worm (D:6)
  2 dart slugs (D:1)
  11 leopard geckos
  60 orcs
  A ball python (D:6)
  11 giant cockroaches
  10 goblins
  7 hobgoblins
  12 jackals
  7 quokkas
  5 bats
  13 frilled lizards
  A giant cockroach zombie (D:6)
  24 kobolds
  A leopard gecko skeleton (D:5)
  11 rats
  A butterfly (Lair:1)
  3 fungi
  4 plants
811 creatures vanquished.

Vanquished Creatures (collateral kills)
  A freezing wraith (IceCv)
  2 troll simulacra (IceCv)
  A naga simulacrum (IceCv)
  3 white imps (IceCv)
7 creatures vanquished.

Vanquished Creatures (others)
  2 frilled lizards (D:12)
  5 fungi
  6 plants
13 creatures vanquished.

Grand Total: 831 creatures vanquished

Notes
Turn   | Place    | Note
-------+----------+-------------------------------------------
     0 | D:1      | nikku the Minotaur Berserker began the quest for the Orb.
     0 | D:1      | Reached XP level 1. HP: 19/19 MP: 0/0
   165 | D:1      | Reached XP level 2. HP: 27/27 MP: 1/1
   254 | D:1      | Reached skill level 4 in Fighting
   789 | D:1      | Reached XP level 3. HP: 33/33 MP: 2/2
   911 | D:2      | Found a bloodstained altar of Trog.
  1415 | D:2      | Reached XP level 4. HP: 41/41 MP: 3/3
  1481 | D:2      | Reached ** piety under Trog
  1821 | D:3      | Found a hazy altar of Hepliaklqana.
  1822 | D:3      | Found a shattered altar of Ashenzari.
  1839 | D:3      | Found a faded altar of an unknown god.
  2039 | D:3      | Reached skill level 5 in Axes
  2081 | D:3      | Reached skill level 5 in Fighting
  2325 | D:3      | Found a blossoming altar of Fedhas.
  2393 | D:3      | Reached XP level 5. HP: 48/48 MP: 4/4
  2399 | D:3      | Found a basalt altar of Yredelemnul.
  2562 | D:4      | Found an iron altar of Okawaru.
  2621 | D:4      | Found a runed translucent door.
  2622 | D:4      | Noticed kathalu's ghost (amateur HuBe)
  2632 | D:4      | Killed kathalu's ghost
  2632 | D:4      | Reached skill level 6 in Fighting
  2632 | D:4      | Reached XP level 6. HP: 57/57 MP: 5/5
  2769 | D:4      | Found a staircase to the Ecumenical Temple.
  2936 | D:4      | Reached XP level 7. HP: 64/64 MP: 6/6
  3026 | D:4      | Found a white marble altar of Elyvilon.
  3229 | D:5      | Entered Level 5 of the Dungeon
  3229 | D:5      | Found a glowing silver altar of Zin.
  3247 | D:5      | Reached skill level 7 in Fighting
  3247 | D:5      | Reached skill level 5 in Armour
  3382 | D:5      | Reached *** piety under Trog
  3382 | D:5      | Reached skill level 8 in Fighting
  3382 | D:5      | Reached XP level 8. HP: 69/74 MP: 7/7
  3784 | D:5      | Found an ornate altar of the Wu Jian Council.
  3823 | D:6      | Found a sacrificial altar of Ru.
  4696 | D:6      | Reached skill level 9 in Fighting
  4978 | D:7      | Reached XP level 9. HP: 57/84 MP: 8/8
  5384 | D:7      | Reached skill level 10 in Axes
  5426 | D:7      | Reached skill level 10 in Fighting
  6070 | D:7      | Reached **** piety under Trog
  6070 | D:7      | Reached skill level 11 in Fighting
  6462 | D:8      | Noticed Maurice
  6475 | D:7      | Killed Maurice
  6475 | D:7      | Reached XP level 10. HP: 96/96 MP: 9/9
  6614 | D:8      | Identified the cursed +1 arbalest "Efinacyt" {flame,
                  | Stlth+}
  6688 | D:8      | Noticed a two-headed ogre
  6700 | D:8      | Killed a two-headed ogre
  6700 | D:8      | Reached skill level 12 in Fighting
  7445 | D:9      | Found a hide-covered altar of Uskayaw.
  8292 | D:9      | Reached XP level 11. HP: 89/106 MP: 10/10
  8299 | D:9      | Reached skill level 13 in Fighting
  8978 | D:9      | Found a shimmering altar of Xom.
  8979 | D:9      | Found a shimmering blue altar of Sif Muna.
  9116 | D:9      | Identified a scroll of acquirement
  9117 | D:9      | Got the +2 pair of boots "Tymost" {+Fly rCorr}
  9350 | D:10     | Entered Level 10 of the Dungeon
  9350 | D:10     | Found a portal to a secret trove of treasure.
  9534 | D:10     | Found a staircase to the Orcish Mines.
  9535 | D:10     | Noticed an orc knight
  9555 | D:10     | Killed an orc knight
  9590 | D:10     | Found Etsazi Tirij's Weapon Shop.
  9812 | D:10     | Found a staircase to the Lair.
  9816 | D:10     | Reached skill level 10 in Armour
 10320 | D:10     | Noticed Gastronok
 10335 | D:10     | Killed Gastronok
 10335 | D:10     | Reached skill level 14 in Fighting
 10594 | D:11     | Noticed a five-headed hydra
 10594 | D:11     | Noticed a purple ugly thing
 10598 | D:11     | Killed a two-headed hydra
 10603 | D:11     | Killed a purple ugly thing
 10773 | D:11     | Found a frozen archway.
 10774 | D:11     | Noticed an ice dragon
 10783 | D:11     | Reached XP level 12. HP: 118/118 MP: 11/11
 10798 | D:11     | Killed an ice dragon
 10809 | IceCv    | Entered an ice cave
 10922 | IceCv    | Reached skill level 15 in Fighting
 10922 | IceCv    | Reached skill level 15 in Axes
 10985 | IceCv    | Reached ***** piety under Trog
 11335 | IceCv    | Found an ancient bone altar of Kikubaaqudgha.
 12146 | Lair:1   | Entered Level 1 of the Lair of Beasts
 12957 | Lair:1   | Reached skill level 16 in Fighting
 13272 | Lair:2   | Reached XP level 13. HP: 129/129 MP: 12/12
 13535 | Lair:2   | Noticed Nergalle
 13543 | Lair:2   | Killed Nergalle
 13610 | Lair:2   | Noticed Urug
 13631 | Lair:2   | Killed Urug
 14120 | Lair:3   | Reached skill level 17 in Fighting
 14335 | Lair:3   | Found a staircase to the Shoals.
 15396 | Lair:4   | Found a staircase to the Snake Pit.
 15518 | Lair:4   | You fall into a shaft and drop 2 floors!
 15518 | Lair:6   | Entered Level 6 of the Lair of Beasts
 15553 | Lair:6   | Noticed Rupert
 15561 | Lair:5   | Reached skill level 18 in Fighting
 15673 | Lair:4   | Received a gift from Trog
 16010 | Lair:4   | Noticed Kirke
 16118 | Lair:4   | Killed Kirke
 16118 | Lair:4   | Reached XP level 14. HP: 123/144 MP: 13/13
 16633 | Lair:5   | Reached skill level 19 in Fighting
 16876 | Lair:5   | Found a transporter.
 17245 | Lair:5   | Found a transporter.
 17537 | Lair:6   | Paralysed by Rupert for 2 turns
 17551 | Lair:6   | Killed Rupert
 17636 | Lair:6   | Received a gift from Trog
 17663 | Lair:6   | Reached skill level 20 in Fighting
 17840 | Lair:6   | Reached skill level 15 in Armour
 18212 | Lair:6   | Found a staircase to the Slime Pits.
 18609 | Lair:6   | Reached XP level 15. HP: 156/156 MP: 14/14
 19768 | D:12     | Noticed Sonja
 19777 | D:12     | Killed Sonja
 19826 | D:12     | Received a gift from Trog
 19930 | D:12     | Reached skill level 21 in Fighting
 20126 | D:12     | Got a brightly glowing war axe
 20127 | D:12     | Identified the +7 war axe of Peace {vorpal, Int+4 Dex+6}
                  | (You found it on level 12 of the Dungeon)
 20889 | D:13     | Identified the +6 hand axe of the Asp {venom, +Blink MR+
                  | Stlth-}
 21511 | D:13     | Found a gate to the Vaults.
 21870 | Orc:1    | Entered Level 1 of the Orcish Mines
 21880 | Orc:1    | Noticed an orc warlord
 21887 | Orc:1    | Received a gift from Trog
 21904 | Orc:1    | Slain by an orc warlord

Illustrated notes

Levels and vault maps discovered:
D:1:      lemuel_arrival_lava_pool, layout_rooms
D:2:      layout_basic, bloody_trog
D:3:      layout_basic, lemuel_crystal_altar, ashenzari_altar_1,
          lemuel_doored_altar, chequers_ecumenical_altar_island, fedhas_altar_4
D:4:      layout_basic, kennysheep_mini, minmay_temple_entry_crystal_x,
          ebering_ghost_sewer_d, elyvilon_altar_5
D:5:      layout_rooms, zin_academy, kennysheep_mini_moat, first_ration,
          nrook_loot_triangle
D:6:      layout_basic, overflow_temple_1_default
D:7:      layout_basic, grunt_livestock
D:8:      layout_rooms, uniq_maurice
D:9:      layout_layer_cave, lemuel_crystal_altar, minitemple, special_room
          [special_room_bee], chequers_big_river
D:10:     layout_roguey, erik_lair_orcish_takeover, orc_david_3,
          nicolae_trove_entry_crossroad, uniq_gastronok
D:11:     layout_roguey, portal_ice_cave_entry_animals_and_master
D:12:     lemuel_reptile_caves, layout_irregular_city, serial_glass,
          glass_columns_a, glass_columns_a, glass_columns_a, glass_columns_c,
          uniq_sonja
D:13:     layout_loops_cross, david_vaults_2
Lair:1:   lemuel_ratsnest, layout_long_grid, st_stairs_11, grunt_megastairs_4,
          lemuel_fruit_fields
Lair:2:   layout_chaotic_city, uniq_urug, uniq_nergalle
Lair:3:   layout_layer_cave, elwin_shoals_entry_stream
Lair:4:   layout_long_grid, minmay_snake_entry_six_corridors,
          beast_lair_carwin_3, uniq_kirke
Lair:5:   gammafunk_cloud_chamber, layout_cave_pods, infiniplex_staircase_pool
Lair:6:   evilmike_catoblepas_cave, layout_gridlike, slime_dummy,
          serial_bayou_shore_a, grunt_megastairs_1, uniq_rupert
Orc:1:    layout_diamond_mine, basic_altar, guppyfry_library_mini

Skill      XL: |  1  2  3  4  5  6  7  8  9 10 11 12 13 14 15 |
---------------+----------------------------------------------+-----
Axes           | 4 5 6 7 9 11 12 14 16 17 | 17.1
Fighting       | 4 5 6 8 9 11 12 14 16 18 20 21 | 21.4
Armour         | 3 4 5 6 8 9 10 12 13 15 16 | 16.0
Dodging        | |  2.1

Action                   |  1- 3 |  4- 6 |  7- 9 | 10-12 | 13-15 || total
-------------------------+-------+-------+-------+-------+-------++-------
Melee: Hand axe          |    75 |    52 |       |       |       ||   127
       Headbutt          |     9 |    15 |    35 |   133 |   167 ||   359
       War axe           |       |    37 |   212 |   692 |   315 ||  1256
       Unarmed           |       |       |       |       |     6 ||     6
       Battleaxe         |       |       |       |       |   190 ||   190
       Executioner's axe |       |       |       |       |   174 ||   174
Throw: Dart              |       |       |       |    25 |    17 ||    42
Invok: Berserk           |     1 |     3 |     2 |     9 |     8 ||    23
       Trog's Hand       |       |     3 |     6 |    27 |    25 ||    61
       Brothers in Arms  |       |       |       |     1 |       ||     1
  Use: Scroll            |     3 |     8 |     5 |    14 |     9 ||    39
       Potion            |       |       |       |       |     5 ||     5
 Stab: Sleeping          |       |     1 |       |       |       ||     1
       Petrified         |       |       |       |       |     2 ||     2
  Eat: Chunk             |     2 |     8 |     9 |    27 |    30 ||    76
       Ration            |       |       |     3 |     4 |     5 ||    12
Armor: Animal skin       |    12 |    11 |       |       |       ||    23
       Chain mail        |       |    19 |   119 |   130 |       ||   268
       Plate armour      |       |       |       |   281 |   480 ||   761
Dodge: Dodged            |    45 |    46 |    79 |   253 |   244 ||   667
